 Dungeon Sprint DCSS version 0.26.0-57-g60708a5e39 (webtiles) character file.

Game seed: 15889482439345850200

45 Groucho the Covert (level 3, -1/17 HPs)
             Began as a Felid Berserker on Feb 1, 2021.
             Was a Follower of Trog.
             Slain by a worker ant (5 damage)
             ... in the Dungeon (Sprint II: "The Violet Keep of Menkaure").
             The game lasted 00:00:55 (52 turns).

Groucho the Covert (Felid Berserker)                  Turns: 52, Time: 00:00:55

Health: -1/17      AC:  1    Str: 13    XL:     3   Next: 42%
Magic:  4/4        EV: 19    Int:  8    God:    Trog [*.....]
Gold:   0          SH:  0    Dex: 16    Spells: 2/2 levels left
                                        Lives:  0   Deaths: 0

rFire    . . .     SeeInvis +     - Unarmed
rCold    . . .     Faith    .   (shield unavailable)
rNeg     . . .     Spirit   .   (armour unavailable)
rPois    .         Reflect  .   (helmet unavailable)
rElec    .         Harm     .   (cloak unavailable)
rCorr    .         Rampage  .   (gloves unavailable)
Will     .....     NoTele   +   (boots unavailable)
Stlth    +++++.....             (no amulet)
HPRegen  0.05/turn              (no ring)
MPRegen  0.09/turn              (no ring)

@: berserk cooldown, hasted and slowed, quick
A: very small, no armour, no weapons or thrown items, stealth, claws 1, fangs 3,
see invisible, speed 1, shaggy fur 1, sharp paws
a: Renounce Religion, Berserk


You were in the Dungeon.
You worshipped Trog.
Trog was aware of your devotion.
You visited 1 branch

Inventory:

Scrolls
 f - a scroll of blinking
Potions
 b - a potion of heal wounds
 d - 2 potions of magic
 e - a potion of berserk rage


   Skills:
 + Level 3.0 Fighting
 + Level 4.0 Dodging
 + Level 9.7 Stealth
 + Level 3.0 Unarmed Combat


You had 2 spell levels left.
You didn't know any spells.
Your spell library was empty.

Dungeon Overview and Level Annotations

Branches:
Dungeon (1/1)

Altars:


Innate Abilities, Weirdness & Mutations

You cannot wear armour.
You are incapable of wielding weapons or throwing items.
Your paws allow you to move quietly. (Stealth)
You have sharp claws.
You have razor-sharp teeth.
You have supernaturally acute eyesight. (SInv)
You cover ground quickly.
You are covered in fur. (AC +1)
Your sharp claws are effective at attacking unaware monsters.


Message History

You scratch the worker ant.
The worker ant is severely wounded.
The worker ant barely misses you. The worker ant closely misses you.
You scratch the worker ant but do no damage.
The worker ant is severely wounded.
The worker ant misses you.
You scratch the worker ant but do no damage.
The worker ant is severely wounded.
The worker ant completely misses you.
You closely miss the worker ant.
The worker ant is severely wounded.
The worker ant closely misses you.
You scratch the worker ant but do no damage.
The worker ant is severely wounded.
The worker ant misses you.
You scratch the worker ant but do no damage.
You bite the worker ant.
The worker ant is almost dead.
The worker ant bites you.
You die...

## ## ##.
.## ..#m. #
... # ##.
#+# l#
#..B##.##.#
#+.<.+#
#..B##@##l#
##. #B# .#
# #B# # .#.
#. .# ## ##


You could see 2 worker ants.

Vanquished Creatures
  2 worker ants (D)
2 creatures vanquished.

Notes
Turn   | Place    | Note
-------+----------+-------------------------------------------
     0 | D        | Groucho the Felid Berserker began the quest for the Orb.
     0 | D        | Reached XP level 1. HP: 10/10 MP: 2/2
     1 | D        | Noticed a boulder beetle
     1 | D        | Noticed a boulder beetle
     4 | D        | Noticed a merfolk siren
     7 | D        | Noticed a wyvern
     7 | D        | Noticed a wyvern
    10 | D        | Noticed a worker ant
    10 | D        | Noticed a worker ant
    10 | D        | Noticed a worker ant
    10 | D        | Noticed a worker ant
    19 | D        | Killed a worker ant
    20 | D        | Reached skill level 7 in Stealth
    20 | D        | Reached XP level 2. HP: 14/14 MP: 3/3
    27 | D        | Reached skill level 9 in Stealth
    27 | D        | Reached XP level 3. HP: 17/17 MP: 4/4
    52 | D        | Slain by a worker ant

Illustrated notes

Levels and vault maps discovered:
D:        the_violet_keep_of_menkaure [sprint2_stairs_cluster_1,
          sprint2_shoproom, sprint2_temple, sprint2_basic_supplies,
          sprint2_obstacle_7, sprint2_obstacle_1, sprint2_obstacle_4,
          sprint2_obstacle_6, sprint2_obstacle_2, sprint2_timed_cluster_1,
          sprint2_smallroom_cluster_1, sprint2_smallroom_final_cluster_1,
          sprint2_transparent_cluster_1, sprint2_second_timed_cluster_1,
          sprint2_sniper_area_1, sprint2_heavy_combat_area_1,
          sprint2_mutation_trap_area_1, sprint2_forest_area_1,
          sprint2_light_combat_area_1, sprint2_behind_water_1,
          sprint2_near_end_vault_1]

Skill      XL: |  1  2 |
---------------+-------+-----
Stealth        | 7 9 |  9.7
Fighting       | |  3.0
Dodging        | |  4.0
Unarmed Combat | |  3.0

Action                   || total
-------------------------++-------
Melee: Unarmed           ||    36
       Bite              ||     4
Invok: Berserk           ||     1
  Use: Potion            ||     2
Dodge: Dodged            ||    36
